 Dungeon Crawl Stone Soup version 0.24.0-29-g8ce449bc06 (webtiles) character file.

Game seed: 14496684217085875727, levelgen mode: deterministic

298 Grit the Slasher (level 6, -1/44 HPs)
             Began as a Demonspawn Gladiator on Nov 14, 2019.
             Was an Initiate of Dithmenos.
             Slain by a gnoll
             ... wielding a +0 club
              (3 damage)
             ... on level 2 of the Dungeon.
             The game lasted 00:08:21 (3097 turns).

Grit the Slasher (Demonspawn Gladiator)             Turns: 3097, Time: 00:08:22

Health: -1/44      AC:  8    Str: 14    XL:     6   Next: 13%
Magic:  6/6        EV: 14    Int: 10    God:    Dithmenos [......]
Gold:   174        SH:  0    Dex: 16    Spells: 5/5 levels left

rFire    . . .     SeeInvis .   j - +0 falchion (slice)
rCold    . . .     Gourm    .   (no shield)
rNeg     . . .     Faith    .   b - +0 leather armour
rPois    .         Spirit   .   c - +0 helmet
rElec    .         Reflect  .   l - +0 cloak
rCorr    .         Harm     .   i - +0 pair of gloves
MR       .....                  (no boots)
Stlth    +.........             (no amulet)
HPRegen  0.14/turn              (no ring)
MPRegen  0.10/turn              (no ring)

@: no status effects
A: hooves 1, iridescent scales 1, powered by death 1
a: Renounce Religion


You were on level 2 of the Dungeon.
You worshipped Dithmenos.
Dithmenos was noncommittal.
You were not hungry.

You visited 1 branch of the dungeon, and saw 3 of its levels.

You collected 174 gold pieces.

Inventory:

Hand Weapons
 j - a +0 falchion of slicing (weapon)
Missiles
 d - 3 throwing nets (quivered)
Armour
 b - a +0 leather armour (worn)
 c - a +0 helmet (worn)
 i - a +0 pair of gloves (worn)
 l - a +0 cloak (worn)
 q - a +0 buckler
Jewellery
 m - an uncursed ring of see invisible
Scrolls
 a - 2 scrolls of teleportation {unknown}
 g - 6 scrolls of identify {unknown}
 h - 3 scrolls of remove curse {unknown}
 k - a scroll of immolation {unknown}
 n - a scroll of blinking {unknown}
 o - a scroll of amnesia {unknown}
 p - a scroll of enchant weapon {unknown}
 s - a scroll of noise {unknown}
Potions
 e - 2 potions of brilliance
Comestibles
 f - 5 rations


   Skills:
 - Level 2.0 Fighting
 * Level 4.8 Long Blades
 - Level 2.0 Throwing
 * Level 4.7 Dodging


You had 5 spell levels left.
You didn't know any spells.
Your spell library was empty.

Dungeon Overview and Level Annotations

Branches:
Dungeon (3/15)

Altars:
Dithmenos
Trog
Vehumet
Wu Jian
Xom


Innate Abilities, Weirdness & Mutations

You have large cloven feet.
You are partially covered in iridescent scales. (AC +2)
You regenerate a little health from kills.


Message History

The gnoll closely misses you. The gnoll misses you.
The gnoll closely misses you.
You climb upwards.
There is a stone staircase leading down here.
You are too injured to fight recklessly!
You hit the gnoll but do no damage.
The gnoll is almost dead.
The gnoll hits you with a +0 spear!
* * * LOW HITPOINT WARNING * * *
You hit the gnoll but do no damage.
The gnoll is almost dead.
The gnoll hits you with a +0 spear.
* * * LOW HITPOINT WARNING * * *
The gnoll hits you with a +0 club!
* * * LOW HITPOINT WARNING * * *
You slash the gnoll!
You kill the gnoll!
Dithmenos accepts your kill. The gnoll hits you with a +0 club.
You die...

#.####.#..........
#.................
#.####.##.####.##.
#.####.##.#######.
#.#....##.........
#.#(#############.
#.#...............
#)#..###.......###
#@g...............
###..###.......###
####.†###########
#..)........#
#.##........#######
#.##.......>##.....
#...........##.....
#......####.##.....
#########...######.##.....


You could see a gnoll.

Vanquished Creatures
  3 dancing weapons (D:3)
  An orc priest (D:3)
  Natasha (twice) (D:2)
  A hound zombie (D:3)
  11 adders
  2 gnolls
  An adder skeleton (D:3)
  3 worms
  2 dart slugs (D:1)
  A leopard gecko (D:3)
  6 orcs
  A ball python (D:3)
  5 giant cockroaches
  6 hobgoblins
  A jackal (D:2)
  2 quokkas (D:3)
  5 bats
  2 frilled lizards (D:2)
  8 goblins
  11 kobolds
  A quokka zombie (D:3)
  2 rats
77 creatures vanquished.

Notes
Turn   | Place    | Note
-------+----------+-------------------------------------------
     0 | D:1      | Grit the Demonspawn Gladiator began the quest for the Orb.
     0 | D:1      | Reached XP level 1. HP: 16/16 MP: 1/1
    82 | D:1      | Gained mutation: You regenerate a little health from kills.
                  | [demonic ancestry]
    82 | D:1      | Reached XP level 2. HP: 22/22 MP: 2/2
   421 | D:2      | Found a shimmering altar of Xom.
   474 | D:1      | Gained mutation: You have large cloven feet. [demonic
                  | ancestry]
   474 | D:1      | Reached XP level 3. HP: 6/27 MP: 3/3
  1443 | D:2      | Gained mutation: You are partially covered in iridescent
                  | scales. (AC +2) [demonic ancestry]
  1443 | D:2      | Reached XP level 4. HP: 33/33 MP: 4/4
  1523 | D:2      | Found an ornate altar of the Wu Jian Council.
  1536 | D:2      | Noticed Natasha
  1543 | D:2      | Became a worshipper of the Wu Jian Council
  1553 | D:2      | Killed Natasha
  1619 | D:2      | Found a faded altar of an unknown god.
  2280 | D:3      | Reached XP level 5. HP: 38/38 MP: 5/5
  2292 | D:3      | Found a radiant altar of Vehumet.
  2490 | D:3      | Found a bloodstained altar of Trog.
  2543 | D:3      | Found a shadowy altar of Dithmenos.
  2611 | D:3      | Fell from the grace of Wu Jian
  2611 | D:3      | Became a worshipper of Dithmenos the Shadowed
  2739 | D:3      | Noticed a +0 broad axe of chopping
  2739 | D:3      | Noticed a +2 dire flail of flaming
  2739 | D:3      | Noticed a +4 glaive of chopping
  2743 | D:3      | Killed a +0 broad axe of chopping
  2744 | D:3      | Killed a +4 glaive of chopping
  2745 | D:3      | Killed a +2 dire flail of flaming
  2993 | D:2      | Noticed Natasha
  2999 | D:2      | Killed Natasha
  2999 | D:2      | Reached XP level 6. HP: 28/44 MP: 6/6
  3096 | D:2      | HP: 1/44 [gnoll/+0 club (7)]
  3097 | D:2      | Slain by a gnoll

Levels and vault maps discovered:
D:1:      doesnt_arrival_eight_statues, layout_basic
D:2:      minmay_chambers_of_twos, layout_basic, lemuel_crystal_altar,
          lemuel_crystal_altar, chequers_ecumenical_altar_simple, uniq_natasha
D:3:      layout_rooms, bloody_trog, fiery_altar_vehumet, lemuel_crystal_altar,
          serial_undead, serial_undead_a, serial_undead_e, serial_undead_d,
          serial_undead_f

Skill      XL: |  1  2  3  4 |
---------------+-------------+-----
Throwing       | 2 |  2.0
Long Blades    | 3 4 |  4.8
Dodging        | 3 4 |  4.7
Fighting       | |  2.0

Action                   |  1- 3 |  4- 6 || total
-------------------------+-------+-------++-------
Melee: Long sword        |    36 |       ||    36
       Falchion          |    51 |   134 ||   185
       Kick              |    15 |    46 ||    61
Invok: Lunge             |       |     4 ||     4
  Use: Potion            |     1 |       ||     1
 Stab: Sleeping          |     1 |       ||     1
  Eat: Chunk             |     2 |     5 ||     7
Armor: Leather armour    |    21 |    45 ||    66
Dodge: Dodged            |    69 |   114 ||   183
       Rpst.: Long sword |     5 |       ||     5
       Falchion          |    10 |    33 ||    43
